 Dungeon Crawl Stone Soup version 0.31-a0-1547-g618ab1f346 (webtiles) character file.

Game seed: 11749983685725165120

1372 Flugslaktarn the Fighter (level 8, 0/75 HPs)
             Began as a Minotaur Fighter on Jan 2, 2024.
             Was an Initiate of Gozag.
             Slain by a manticore (2 damage)
             ... on level 7 of the Dungeon.
             The game lasted 00:02:24 (5819 turns).

Flugslaktarn the Fighter (Minotaur Fighter)         Turns: 5819, Time: 00:02:25

Health: 0/75       AC: 12    Str: 31    XL:     8   Next: 38%
Magic:  7/7        EV: 10    Int:  5    God:    Gozag
Gold:   438        SH:  4    Dex: 10    Spells: 7/7 levels left

rFire   . . .        a - +0 war axe
rCold   . . .        c - +0 buckler
rNeg    . . .        b - +0 scale mail
rPois   .            f - +2 hat
rElec   +            (no cloak)
rCorr   .            n - +0 pair of gloves of the Evening Star {Fly rElec Str+2}
SInv    .            x - +0 pair of boots
Will    .....        (no amulet) Stlth
                     h - +6 ring of strength
HPRegen 0.32/turn    (no ring)
MPRegen 0.10/turn

%: no passive effects
@: mighty, spiked, flying, invisible
A: horns 2, retaliatory headbutt
a: Renounce Religion, Potion Petition, Call Merchant, Bribe Branch


You were on level 7 of the Dungeon.
You worshipped Gozag.
Gozag was aware of your devotion.
You visited 2 branches of the dungeon, and saw 8 of its levels.

You collected 554 gold pieces.
You spent 75 gold pieces at shops.
You paid 41 gold pieces to Gozag.

Inventory:

Hand Weapons
 a - a +0 war axe (weapon)
Missiles
 t - a throwing net
Armour
 b - a +0 scale mail (worn)
 c - a +0 buckler (worn)
 f - a +2 hat (worn)
   (You found it on level 4 of the Dungeon)
 n - the +0 pair of gloves of the Evening Star (worn) {Fly rElec Str+2}
   (You found it on level 3 of the Dungeon)

   Str+2:     It affects your strength (+2).
   rElec:     It insulates you from electricity.
   Fly:       It grants you flight.
 x - a +0 pair of boots (worn)
   (You found it on level 6 of the Dungeon)
Jewellery
 h - a +6 ring of strength (left hand)
   (You found it on level 1 of the Dungeon)
Wands
 s - a wand of iceblast (4)
   (You found it on level 4 of the Dungeon)
 w - a wand of mindburst (19)
   (You found it on level 6 of the Dungeon)
Scrolls
 e - 2 scrolls of vulnerability
 l - a scroll of amnesia
 m - 2 scrolls of enchant armour
 p - a scroll of fog
 v - a scroll of silence {unknown}
 z - 2 scrolls of blinking
Potions
 g - a potion of magic
 i - a potion of mutation {unknown}
 j - a potion of heal wounds {unknown}
 o - a potion of haste {unknown}
 r - a potion of berserk rage {unknown}
 u - a potion of lignification {unknown}


   Skills:
 * Level 8.7 Fighting
 * Level 8.2 Axes
 + Level 6.5 Armour
 - Level 3.6 Shields


You had 7 spell levels left.
You didn't know any spells.
Your spell library contained the following spells:

 Spells                   Type           Power      Damage    Failure   Level
 Freeze                   Ice            0%         1d3       75%         1
 Magic Dart               Conj           0%         1d3       75%         1
 Sting                    Conj/Alch      0%         1d3       75%         1
 Inner Flame              Hex/Fire       0%         N/A       98%         3
 Irradiate                Conj/Alch      0%         3d11      100%        5
 Ignition                 Fire           0%         3d3       100%        8


Dungeon Overview and Level Annotations

Branches:
Dungeon (7/15)             Temple (1/1) D:4

Altars:
Ashenzari
Dithmenos
Elyvilon
Fedhas
Gozag
Kikubaaqudgha
Makhleb
Nemelex Xobeh
Qazlal
Trog
Uskayaw
Vehumet
Wu Jian
Yredelemnul
Zin
The Shining One

Shops:
D:1 :   D:4 *


Innate Abilities, Weirdness & Mutations

You have a pair of horns on your head.
You reflexively headbutt those who attack you in melee.


Message History

A scorpion is nearby!
A scorpion is nearby!
You barely miss the scorpion. You headbutt the scorpion.
The scorpion is moderately wounded.
The scorpion barely misses you. You furiously retaliate!
You headbutt the scorpion!
You kill the scorpion!
No target in view!
No target in view!
No target in view!
No target in view!
You now have 416 gold pieces (gained 5).
Found a shadowy altar of Dithmenos.
No target in view!
You see here the +2 robe "Jyule" {rElec rC+}.
There is an open door here.
There is an open door here.
There is an open door here.
You reach down and open the door.
There is an open door here.
Partly explored, can't reach some places.
Partly explored, can't reach some places.
No target in view!
No target in view!
No target in view!
No target in view!
No target in view!
No target in view!
Partly explored, can't reach some places.
No target in view!
Partly explored, can't reach some places.
No target in view!
There is a stone staircase leading down here.
You fly downwards.
You hear the roar of battle.
There is an entrance to a bailey on this level.
Hurry and find it before the portal closes forever!
Found 14 gold pieces.
There is a stone staircase leading up here.
You now have 430 gold pieces (gained 14).
Found a stone staircase leading up.
Found a stone staircase leading down.
No target in view!
No target in view!
No target in view!
No target in view!
There is a stone staircase leading down here.
You hear the faint creaking of a very distant portcullis.
A bullfrog comes into view.
The bullfrog croaks.
A bullfrog is nearby!
A bullfrog is nearby!
The bullfrog hits you but does no damage.
You closely miss the bullfrog.
The bullfrog hits you but does no damage. x2
You barely miss the bullfrog. You block the bullfrog's attack.
You slash the bullfrog!
The bullfrog is moderately wounded.
The bullfrog swells and bulges.
You block the bullfrog's attack.
The bullfrog hits you but does no damage.
You hit the bullfrog. You headbutt the bullfrog!
You kill the bullfrog!
No target in view!
You now have 433 gold pieces (gained 3).
Found a stone staircase leading down.
No target in view!
You now have 438 gold pieces (gained 5).
A manticore comes into view.
A manticore is nearby!
A manticore is nearby!
The manticore flicks its tail.
The volley of spikes skewers you!
The barbed spikes become lodged in your body.
The barbed spikes dig painfully into your body as you move.
The manticore flicks its tail.
The volley of spikes skewers you!
The barbed spikes become lodged in your body.
The barbed spikes dig painfully into your body as you move.
The manticore bites you!! The manticore barely misses you. x2
You feel better. The manticore closely misses you. You furiously retaliate!
You headbutt the manticore! The manticore claws you. The manticore claws you!
* * * LOW HITPOINT WARNING * * *
You fade into invisibility!
The manticore bites you!
* * * LOW HITPOINT WARNING * * *
The manticore barely misses you. The manticore closely misses you.
You feel better. The manticore barely misses you. You furiously retaliate!
You headbutt the manticore, but do no damage.
The manticore misses you. The manticore closely misses you.
You hit the manticore but do no damage.
The manticore is lightly wounded.
The manticore bites you!
* * * LOW HITPOINT WARNING * * *
The manticore completely misses you. The manticore barely misses you.
You feel very mighty all of a sudden. You block the manticore's attack.
The manticore claws you.
* * * LOW HITPOINT WARNING * * *
The manticore claws you.
You die...
Your body crumbles into a pile of gold.

#.# #...........
####.####.###......#
#.........##.#......
#...........##.....#
#..#.#####.####...##
#..#.#####..# #..##
#..#....#....#.#.#
#..........>...#.#
#..@...........#.#
#.....H..#.........#
#####.............##
##..........
#.#....####
#.#.#.#.. #. ..#..~.
#. .# ..~.


You could see a manticore (unable to see you).

Vanquished Creatures
  A wyvern (D:6)
  Edmund (D:6)
  An ogre (D:6)
  A phantom (D:4)
  A bullfrog (D:7)
  A gnoll sergeant (D:5)
  3 scorpions
  3 hounds
  2 orc priests (D:4)
  2 jellies
  A gnoll bouda (D:5)
  3 iguanas
  2 sleepcaps
  2 orc wizards (D:4)
  Robin (D:4)
  6 adders
  7 gnolls (D:5)
  3 dart slugs
  3 ribbon worms
  5 orcs
  6 endoplasms
  5 giant cockroaches
  8 hobgoblins
  2 jackals (D:2)
  3 quokkas
  6 ball pythons
  9 bats
  2 frilled lizards (D:1)
  20 goblins
  8 kobolds
  4 rats
122 creatures vanquished.

Notes
Turn   | Place    | Note
-------+----------+-------------------------------------------
     0 | D:1      | Flugslaktarn the Minotaur Fighter began the quest for the
                  | Orb.
     0 | D:1      | Reached XP level 1. HP: 19/19 MP: 0/0
    98 | D:1      | Reached XP level 2. HP: 27/27 MP: 1/1
   373 | D:1      | Found Fyathrol's Book Shop.
   658 | D:2      | Got Beginning Spellcraft
   750 | D:2      | Reached XP level 3. HP: 17/33 MP: 2/2
  1896 | D:3      | Found a glowing golden altar of the Shining One.
  1924 | D:3      | Found a burning altar of Makhleb.
  1967 | D:3      | Reached XP level 4. HP: 41/41 MP: 3/3
  1972 | D:3      | Identified the +0 pair of gloves of the Evening Star {Fly
                  | rElec Str+2}
  2058 | D:3      | Identified the +9 spear "Ziqamyerr" {spect, rF+ rCorr}
  2175 | D:3      | Found a bloodstained altar of Trog.
  2560 | D:4      | Found Qyfud's General Store.
  2566 | D:4      | Bought a scroll of blinking for 75 gold pieces
  2571 | D:4      | Noticed a scorpion
  2578 | D:4      | Killed a scorpion
  2579 | D:4      | Reached skill level 5 in Fighting
  2579 | D:4      | Reached XP level 5. HP: 43/48 MP: 4/4
  2637 | D:4      | Found a blossoming altar of Fedhas.
  2757 | D:4      | Noticed Robin
  2768 | D:4      | Killed Robin
  2771 | D:4      | Reached skill level 5 in Axes
  2874 | D:4      | Noticed a phantom
  2883 | D:4      | Killed a phantom
  2884 | D:4      | Reached XP level 6. HP: 57/57 MP: 5/5
  2946 | D:4      | Found a staircase to the Ecumenical Temple.
  2954 | Temple   | Entered the Ecumenical Temple
  2964 | Temple   | Became a worshipper of Gozag Ym Sagoz the Greedy
  3024 | D:4      | Reached skill level 5 in Armour
  3363 | D:5      | Entered Level 5 of the Dungeon
  3510 | D:5      | Found an ancient bone altar of Kikubaaqudgha.
  3639 | D:5      | Found an ornate altar of the Wu Jian Council.
  3653 | D:5      | Reached XP level 7. HP: 53/64 MP: 6/6
  3657 | D:5      | Found a hide-covered altar of Uskayaw.
  3851 | D:5      | Noticed a +0 hand axe
  3851 | D:5      | Noticed a +0 hand axe
  4578 | D:6      | Noticed Edmund
  4589 | D:6      | Killed Edmund
  5009 | D:6      | Reached XP level 8. HP: 57/74 MP: 7/7
  5489 | D:6      | Found a shadowy altar of Dithmenos.
  5494 | D:6      | Identified the +2 robe "Jyule" {rElec rC+}
  5810 | D:7      | Noticed a manticore
  5819 | D:7      | HP: 2/75 [manticore (3)]
  5819 | D:7      | Slain by a manticore

Illustrated notes

Levels and vault maps discovered:
D:1:      minmay_arrival_radiant_lines, layout_basic, serial_shops,
          nicolae_shop_behind_doors
D:2:      layout_basic, serial_bayou_lagoon_a
D:3:      layout_loops_ring, lemuel_crystal_altar, mainiacjoe_overflow_catwalk,
          mainiacjoe_overflow_six_doors_small, serial_bayou_pond_d
D:4:      layout_gridville, mainiacjoe_overflow_alcove_1,
          minmay_temple_entry_proselytizer, serial_shops, shop,
          guppyfry_early_orc_mine, uniq_robin
D:5:      layout_basic, mainiacjoe_overflow_alcove_4,
          mainiacjoe_overflow_surrounded_room, dancing_weapons_uskayaw
D:6:      layout_loops_corners, lemuel_tele_altar, mrwooster_statue_mirror,
          minmay_holes, uniq_edmund
D:7:      layout_loops_ring, nicolae_ru_awakened_eye, slow_altar_1,
          okawaru_metal_pillars_1_2, enter_bailey_2, uniq_joseph
Temple:   nicolae_temple_ecumenical_triangle

Skill      XL: |  1  2  3  4  5  6  7  8 |
---------------+-------------------------+-----
Fighting       | 4 5 6 7 8 |  8.7
Axes           | 3 4 5 6 7 8 |  8.2
Armour         | 4 5 6 |  6.5
Shields        | |  3.6

Action                     |  1- 3 |  4- 6 |  7- 9 || total
---------------------------+-------+-------+-------++-------
  Melee: War axe           |    97 |    87 |    72 ||   256
         Headbutt          |    12 |    14 |    16 ||    42
    Use: Scroll            |       |     4 |     2 ||     6
         Potion            |       |       |     6 ||     6
 Armour: Scale mail        |    69 |    57 |    61 ||   187
  Dodge: Dodged            |    38 |    43 |    41 ||   122
  Block: Buckler           |    14 |    21 |    12 ||    47

Table legend: (Time is in decaauts)
 A = Elapsed time spent in this place.
 B = Non-inter-level travel time spent in this place.
 C = Inter-level travel time spent in this place.
 D = Time resting spent in this place.
 E = Time spent auto-exploring this place.
 F = Levels seen in this place.
 G = Mean time per level.
                   A        B        C        D        E       F      G
               +--------+--------+--------+--------+--------+-----+--------+
         Total |   5908 |   5745 |    163 |    306 |   4668 |   8 |  738.5 |
       Dungeon |   5889 |   5742 |    147 |    306 |   4668 |   7 |  841.3 |
        Temple |     19 |      3 |     16 |      0 |      0 |   1 |   19.0 |
               +--------+--------+--------+--------+--------+-----+--------+

Top non-repeatable levels by time:
     D:6: 1214 daAuts
     D:2: 1165 daAuts
     D:4: 1043 daAuts
     D:5: 981 daAuts
     D:3: 752 daAuts
     D:1: 632 daAuts
     D:7: 99 daAuts
  Temple: 19 daAuts
